AoeStats
← Tchitchi d'Afflelou

African Clearing

510867528Analyzed
4v4 RM · 15h ago on Oct 2, 2026· 60m 39s· 8 players
Game mode
Random Map
Map size
Large (8 player)
Population
200
Speed
Normal
Resources
Standard
Victory
Conquest
Starting age
Dark Age
Ending age
Imperial Age
RankedLock teamsTeams togetherTeam positionsShared explorationLock speedFull tech treeHidden civsTurbo modeCheats
Victory
Defeat
🇵🇪 Bengalis · Peru
1431
+13
🇦🇷 Persians · Argentina
1398
+15
🇦🇷 Japanese · Argentina
1359
+16
🇦🇷 Spanish · Argentina
1347
+17
🇫🇷 Byzantines · France
1420
-17
🇺🇸 Koreans · United States
1387
-16
🇻🇳 Portuguese · Vietnam
1349
-15
🇨🇴 Huns · Colombia
1322
-13
PIPO GOROSITO
4:18 Loom
14:06 Feudal Age
18:00 Castle Age
16:25 Stone Mining
20:00 Padded Archer Armor
27:22 Leather Archer Armor
33:23 Bloodlines
33:14 Husbandry
40:51 Double-Bit Axe
44:31 Imperial Age
42:48 Horse Collar
45:02 Elite Conquistador
46:28 Conscription
46:51 Ring Archer Armor
47:25 Wheelbarrow
46:41 Cavalier
47:54 Bow Saw
47:19 Light Cavalry
50:27 Two-Man Saw
51:24 Heavy Plow
gg_noteam
3:42 Loom
12:44 Feudal Age
19:07 Fletching
22:12 Town Watch
30:25 Castle Age
29:31 Double-Bit Axe
29:30 Horse Collar
31:02 Padded Archer Armor
31:00 Crossbowman
48:06 Wheelbarrow
53:51 Bow Saw
57:21 Imperial Age
58:01 Bloodlines
57:13 Light Cavalry
58:13 Scale Barding Armor
58:18 Forging
59:52 Chain Barding Armor
60:49 Iron Casting
60:20 Husbandry
Speaker
2:57 Loom
13:19 Feudal Age
17:32 Castle Age
16:14 Forging
17:30 Scale Barding Armor
22:08 Husbandry
25:10 Horse Collar
29:40 Town Watch
37:35 Bloodlines
37:52 Scale Mail Armor
40:47 Wheelbarrow
42:58 Imperial Age
40:33 Double-Bit Axe
40:40 Elite Skirmisher
41:22 Padded Archer Armor
41:13 Fletching
43:31 Ballistics
43:46 Leather Archer Armor
43:27 Bodkin Arrow
47:10 Hand Cart
54:36 Heavy Plow
57:41 Chemistry
58:14 Gold Mining
58:10 Cavalier
59:01 Bloodlines
59:32 Chain Barding Armor
60:27 Bracer
60:58 Ring Archer Armor
61:04 Iron Casting
Leandro Pared10s
3:13 Loom
14:23 Feudal Age
15:25 Double-Bit Axe
18:05 Castle Age
16:24 Town Watch
28:05 Horse Collar
31:53 Heavy Plow
32:35 Gold Mining
32:35 Stone Mining
33:20 Stone Mining
34:33 Wheelbarrow
34:47 Bow Saw
36:55 Gold Shaft Mining
39:46 Imperial Age
38:26 Stone Shaft Mining
38:38 Hand Cart
38:35 Scale Barding Armor
39:00 Bloodlines
39:16 Husbandry
39:38 Chain Barding Armor
39:28 Cavalier
40:35 Forging
41:06 Conscription
41:01 Citadels
41:10 Citadels
42:06 Crop Rotation
42:27 Plate Barding Armor
42:28 Iron Casting
43:24 Two-Man Saw
42:51 Savar
43:51 Fletching
44:27 Ballistics
45:08 Chemistry
45:49 Blast Furnace
46:06 Coinage
45:46 Guilds
47:45 Murder Holes
47:46 Bodkin Arrow
49:28 Masonry
51:27 Guilds
53:37 Banking
54:33 Kamandaran
55:28 Padded Archer Armor
56:00 Thumb Ring
55:16 Crossbowman
56:27 Leather Archer Armor
61:21 Ring Archer Armor
61:22 Architecture
Tchitchi d'Afflelou
10:34 Loom
14:53 Feudal Age
14:59 Man-at-Arms
16:04 Arson
19:07 Double-Bit Axe
21:39 Scale Mail Armor
joh_gar
5:07 Loom
13:26 Feudal Age
17:33 Castle Age
17:20 Double-Bit Axe
18:09 Fletching
18:51 Bow Saw
18:30 Horse Collar
22:22 Bodkin Arrow
24:15 Padded Archer Armor
28:59 Ballistics
35:00 Heavy Plow
39:42 Thumb Ring
40:23 Heavy Plow
40:59 Wheelbarrow
44:02 Imperial Age
44:09 Scale Barding Armor
44:22 Leather Archer Armor
44:21 Bloodlines
44:13 Husbandry
45:02 Hand Cart
44:39 Gold Mining
44:42 Stone Mining
45:02 Bracer
46:07 Chemistry
45:21 Heavy Cavalry Archer
49:43 Masonry
50:37 Squires
51:44 Pikeman
52:26 Scale Mail Armor
52:44 Halberdier
53:40 Chain Mail Armor
55:06 Forging
59:18 Iron Casting
[Kpell] AdrianLeverkuhn
4:24 Loom
14:50 Feudal Age
17:04 Double-Bit Axe
29:44 Castle Age
28:53 Fletching
30:32 Bodkin Arrow
43:32 Town Watch
46:33 Wheelbarrow
50:33 Eupseong
50:31 Elite Skirmisher
54:47 Imperial Age
55:39 Bracer
56:27 Ballistics
57:59 Masonry
ost.nostalgia
5:35 Loom
5:57 Loom
12:14 Feudal Age
12:43 Double-Bit Axe
13:00 Gold Mining
13:05 Stone Mining
13:41 Gold Mining
20:51 Castle Age
23:01 Wheelbarrow
22:40 Bow Saw
30:29 Horse Collar
31:09 Hand Cart
33:48 Town Watch
36:13 Heavy Plow
37:09 Stone Shaft Mining
41:18 Imperial Age
41:34 Elite Organ Gun
43:01 Fletching
44:12 Bodkin Arrow
44:39 Conscription
49:56 Arquebus
52:28 Scale Mail Armor
52:39 Forging
52:13 Pikeman
53:29 Halberdier
56:21 Chain Mail Armor
56:42 Iron Casting
Connection lost

Rejoining the realm…

Still unreachable

The connection could not be restored.

Session expired

The server has moved on; the page needs a fresh start.